 Dungeon Crawl Stone Soup version 0.29.0-5-ge4962eb29e (webtiles) character file.

Game seed: 14459825576792091458

22 Zeldest the Trooper (level 2, -9/24 HPs)
             Began as a Mummy Chaos Knight on Aug 29, 2022.
             Was a Plaything of Xom.
             Mangled by a cane toad (shapeshifter) (16 damage)
             ... on level 2 of the Dungeon.
             The game lasted 00:00:43 (830 turns).

Zeldest the Trooper (Mummy Chaos Knight)             Turns: 830, Time: 00:00:44

Health: -9/24      AC:  5    Str: 15    XL:     2   Next: 68%
Magic:  2/2        EV: 11    Int: 11    God:    Xom [.*....]
Gold:   10         SH:  0    Dex: 11    Spells: 1/1 levels left

rFire   x . .      SeeInvis .   a - +0 hand axe (chaos)
rCold   + . .      Faith    .   (no shield)
rNeg    + + +      Spirit   .   b - +2 leather armour
rPois   ∞          Reflect  .   (no helmet)
rElec   .          Harm     .   (no cloak)
rCorr   .          Rampage  .   (no gloves)
Will    .....                   (no boots)
Stlth   +.........              (no amulet)
HPRegen 0.08/turn               (no ring)
MPRegen 0.08/turn               (no ring)

@: no status effects
A: cold resistance 1, negative energy resistance 3, torment resistance 2, heat
vulnerability 1, no potions
a: Renounce Religion


You were on level 2 of the Dungeon.
You worshipped Xom.
You were a plaything of Xom.
You visited 1 branch of the dungeon, and saw 2 of its levels.

You collected 10 gold pieces.

Inventory:

Hand Weapons
 a - a +0 hand axe of chaos (weapon)
Armour
 b - a +2 leather armour (worn)
Scrolls
 d - a scroll of identify {unknown}
 e - a scroll of noise {unknown}
Miscellaneous
 c - a piece from Xom's chessboard (12/15) (quivered)


   Skills:
 + Level 3.2 Fighting
 + Level 2.6 Axes
 + Level 1.9 Armour
 + Level 1.2 Dodging


You had one spell level left.
You didn't know any spells.
Your spell library contained the following spells:

 Spells                   Type           Power      Damage    Failure   Level
 Leda's Liquefaction      Hex/Erth       0%         N/A       99%         4
 Lee's Rapid Deconstruct  Erth           0%         3d5*      100%        5
 Statue Form              Tmut/Erth      Unusable   N/A       N/A         6

Dungeon Overview and Level Annotations

Branches:
Dungeon (2/15)

Altars:


Innate Abilities, Weirdness & Mutations

You are immune to poison.
Your flesh is cold resistant. (rC+)
You are immune to negative energy. (rN+++)
You are immune to unholy pain and torment.
You are vulnerable to heat. (rF-)
You do not drink.


Message History

No target in view!
You see here 6 stones.
You see here 6 stones.
A ball python comes into view.
The ball python hisses angrily.
A frilled lizard comes into view.
There are monsters nearby!
The frilled lizard hisses angrily.
There are monsters nearby!
The ball python bites you. The ball python barely misses you.
There are monsters nearby!
You hit the ball python.
The ball python is severely wounded.
The ball python bites you. The ball python barely misses you.
There are monsters nearby!
You closely miss the ball python.
The ball python is severely wounded.
The ball python bites you but does no damage.
The ball python barely misses you.
The ball python bites you but does no damage.
The ball python closely misses you.
There are monsters nearby!
You hit the ball python.
You kill the ball python!
A frilled lizard is nearby!
You barely miss the frilled lizard. "Hum-dee-hum-dee-hum..."
The frilled lizard changes into a shapeshifter!
The shapeshifter changes into a cane toad!
You closely miss the cane toad. The cane toad stings you!
Ouch! That really hurt!
* * * LOW HITPOINT WARNING * * *
A cane toad is nearby!
You are too injured to fight recklessly!
A cane toad is nearby!
You make a move on Xom's chessboard...
The cane toad seems to slow down.
The cane toad stings you!
Ouch! That really hurt!
You die...
Xom roars with laughter!

#. #......... #..#
#......... #..#
#.........
###..###.###.##..
..#..........##..
#.#...##.######.. #.
#.#....#.########
#...####.#..............
#.....F@......#.########
#.#.####.###.##.#
#...#.##.. ###.#.#####
.#.# #.# #.# #.# #.#


You could see a cane toad shaped shifter (slow).

Vanquished Creatures
  3 ball pythons
  4 bats
  An endoplasm (D:2)
  5 hobgoblins (D:1)
  2 quokkas (D:1)
  A kobold (D:1)
  2 rats
18 creatures vanquished.

Notes
Turn   | Place    | Note
-------+----------+-------------------------------------------
     0 | D:1      | Zeldest the Mummy Chaos Knight began the quest for the Orb.
     0 | D:1      | Reached XP level 1. HP: 18/18 MP: 1/1
    43 | D:1      | XOM: potion effect (invisibility)
   140 | D:1      | Reached skill level 1 in Dodging
   174 | D:1      | XOM: silly message
   217 | D:1      | Reached XP level 2. HP: 15/24 MP: 2/2
   660 | D:1      | XOM is BORED!
   660 | D:1      | XOM: summons 1 hostile demon
   661 | D:1      | Noticed a crimson imp
   667 | D:1      | XOM: 1-stop teleportation journey
   827 | D:2      | Noticed a shapeshifter
   827 | D:2      | a frilled lizard changed into a shapeshifter
   827 | D:2      | XOM: polymorph frilled lizard -> shapeshifter
   827 | D:2      | Noticed a cane toad
   827 | D:2      | a shapeshifter changed into a cane toad
   830 | D:2      | Mangled by a cane toad (shapeshifter)

Illustrated notes

Levels and vault maps discovered:
D:1:      spicycebolla_green_bress_n_ham, layout_basic
D:2:      minmay_general_purpose_star, layout_basic, due_unseen_surprise

Skill      XL: |  1 |
---------------+----+-----
Dodging        | 1 |  1.2
Fighting       | |  3.2
Axes           | |  2.6
Armour         | |  1.9

Action                   || total
-------------------------++-------
Melee: Hand axe          ||    60
Evoke: Piece from Xom's  ||     3
 Stab: Sleeping          ||     2
Armor: Leather armour    ||    22
Dodge: Dodged            ||    50
